 Dungeon Crawl Stone Soup version 0.26.1-11-gd32895ea62 (webtiles) character file.

Game seed: 2380275776948785003

35 nothank2 the Skirmisher (level 3, -7/24 HPs)
             Began as a Gargoyle Fighter on July 12, 2021.
             Killed by divine providence
             ... invoked by an orc priest
              (12 damage)
             ... on level 3 of the Dungeon.
             The game lasted 00:03:16 (1680 turns).

nothank2 the Skirmisher (Gargoyle Fighter)          Turns: 1680, Time: 00:03:17

Health: -7/24      AC: 16    Str: 20    XL:     3   Next: 35%
Magic:  3/3        EV:  7    Int:  8    God:
Gold:   103        SH:  9    Dex:  9    Spells: 2/2 levels left

rFire    + . .     SeeInvis .   a - +0 flail
rCold    . . .     Faith    .   c - +0 kite shield
rNeg     + . .     Spirit   .   b - +0 scale mail
rPois    ∞         Reflect  .   k - +0 helmet
rElec    +         Harm     .   p - +0 cloak
rCorr    .         Rampage  .   (no gloves)
Will     .....                  (no boots)
Stlth    ..........             (no amulet)
HPRegen  0.08/turn              q - +4 ring of protection
MPRegen  0.08/turn              j - ring of protection from fire

@: no status effects
A: negative energy resistance 1, electricity resistance, unbreathing,
petrification resistance, miasma immunity, AC +3
a: no special abilities


You were on level 3 of the Dungeon.
You visited 1 branch of the dungeon, and saw 3 of its levels.

You collected 103 gold pieces.

Inventory:

Hand Weapons
 a - a +0 flail (weapon)
Armour
 b - a +0 scale mail (worn)
 c - a +0 kite shield (worn)
 k - a +0 helmet (worn)
 p - a +0 cloak (worn)
Jewellery
 j - a ring of protection from fire (right hand)
 q - a +4 ring of protection (left hand)
Scrolls
 e - 2 scrolls of fog {unknown}
 f - 3 scrolls of remove curse {unknown}
 g - a scroll of identify {unknown}
 h - a scroll of enchant armour {unknown}
 i - a scroll of immolation {unknown}
 n - 2 scrolls of amnesia {unknown}
 o - 2 scrolls of teleportation {unknown}
 r - a scroll of enchant weapon {unknown}
Potions
 d - a potion of might
 l - a potion of lignification {unknown}
 m - a potion of heal wounds {unknown}


   Skills:
 + Level 3.8 Fighting
 * Level 3.2 Maces & Flails
 - Level 3.2 Armour
 - Level 3.2 Shields


You had 2 spell levels left.
You didn't know any spells.
Your spell library was empty.

Dungeon Overview and Level Annotations

Branches:
Dungeon (3/15)

Altars:
Kikubaaqudgha


Innate Abilities, Weirdness & Mutations

You are resistant to torment.
Your stone body is resilient. (AC +3)
You are immune to poison.
You resist negative energy. (rN+)
You are resistant to electric shocks. (rElec)
You can survive without breathing.
You are immune to petrification.
You are immune to miasma.


Message History

You block the orc's attack. The orc hits you but does no damage.
You block the rat's attack.
Your scale mail prevents you from hitting the orc priest.
The orc priest is moderately wounded.
The orc priest hits you but does no damage.
You block the orc's attack. The orc hits you but does no damage.
You block the rat's attack. The orc priest barely misses you.
You hit the orc priest.
The orc priest is heavily wounded.
The orc hits you but does no damage. The orc completely misses you.
The rat twitches its whiskers.
You block the rat's attack. You block the orc priest's attack.
The orc hits you but does no damage.
You barely miss the orc priest.
The orc priest is heavily wounded.
The orc closely misses you. You block the rat's attack.
The orc priest invokes the aid of Beogh against you.
Beogh smites you!
Ouch! That really hurt!
You die...

#....#### ##...
#...<..##...#
###.##......##
#.####.....#
#....#...#.###
####.....#...#
##.........
###..ro###..
#...go@#
#.../o.####.##
#.....<.......
#.............
#..............
#..............
?..........##..
...........# .
......[....#


You could see an orc priest, 2 orcs, a goblin and a rat.

Vanquished Creatures
  An adder (D:2)
  2 dart slugs (D:1)
  A leopard gecko (D:1)
  3 giant cockroaches
  4 goblins (D:1)
  2 hobgoblins (D:1)
  A bat (D:1)
  A frilled lizard (D:2)
  4 kobolds
  2 rats
21 creatures vanquished.

Vanquished Creatures (others)
  A human (D:2)
1 creature vanquished.

Grand Total: 22 creatures vanquished

Notes
Turn   | Place    | Note
-------+----------+-------------------------------------------
     0 | D:1      | nothank2 the Gargoyle Fighter began the quest for the Orb.
     0 | D:1      | Reached XP level 1. HP: 14/14 MP: 1/1
   116 | D:1      | Reached XP level 2. HP: 19/19 MP: 2/2
   765 | D:2      | Found an ancient bone altar of Kikubaaqudgha.
   816 | D:2      | Noticed a human
   821 | D:2      | Killed a human
   892 | D:2      | Reached XP level 3. HP: 22/24 MP: 3/3
  1371 | D:3      | HP: 1/24 [orc priest/divine providence (10)]
  1680 | D:3      | Killed from afar by an orc priest

Illustrated notes

Levels and vault maps discovered:
D:1:      nzn_arrival_depleted_hourglass, layout_loops_ring
D:2:      layout_loops_cross, tgw_kikubaaqudgha
D:3:      layout_rooms, chequers_temple_overflow_statue_of_worship,
          portal_sewer_entry_b, uniq_jessica

Skill      XL: |  1  2 |
---------------+-------+-----
Maces & Flails | 3 |  3.2
Fighting       | |  3.8
Armour         | |  3.2
Shields        | |  3.2

Action                   || total
-------------------------++-------
Melee: Flail             ||   112
Armor: Scale mail        ||    81
Dodge: Dodged            ||    42
Block: Kite shield       ||    85
